 Dungeon Crawl Stone Soup version 0.32-a0-996-gb3226c233f (webtiles) character file.

Game seed: 4683735051783046885

191144 Takeo the Marksgoblin (level 18, -8/158 HPs)
             Began as a Coglin Hunter on Apr 23, 2024.
             Was an Initiate of Gozag.
             Shot with an arrow by a deep elf master archer (37 damage)
             ... on level 1 of the Elven Halls.
             The game lasted 00:46:58 (25913 turns).

Takeo the Marksgoblin (Coglin Hunter)              Turns: 25913, Time: 00:46:58

Health: -8/158     AC: 19    Str: 21    XL:     18   Next: 64%
Magic:  18/18      EV: 23    Int: 11    God:    Gozag
Gold:   1411       SH:  0    Dex: 27    Spells: 17/17 levels left

rFire   . . .        x - +9 hand cannon (chaos) {Pancho}
rCold   . . .        o - +5 sling of Cuokhlu {heavy, Str+4}
rNeg    . . .        Q - +3 robe of Clouds {*Thunder rCloud rElec}
rPois   .            F - +2 helmet {Int+3}
rElec   +            a - +1 cloak "Uwett" {Str+3 Dex+3 Stlth+}
rCorr   .            E - +3 pair of gauntlets of War {Slay+5}
SInv    .            g - +2 pair of boots
Will    ++...        (amulet unavailable)
Stlth   +++          (ring unavailable)
HPRegen 1.26/turn    (ring unavailable)
MPRegen 0.56/turn    f - pneumatic generator {Will+ Regen+ RegenMP+ Slay+3}

%: no passive effects
@: gold aura, studying 2 skills, revved
A: off-hand wielding, slow wielding, warmup strikes, no jewellery, deformed
body, no potion heal 1
a: Renounce Religion, Potion Petition, Call Merchant, Bribe Branch


You were on level 1 of the Elven Halls.
You worshipped Gozag.
Gozag was most pleased with you.
You visited 7 branches of the dungeon, and saw 26 of its levels.
You also visited: Ossuary, Bailey, Ice Cave and Volcano.

You collected 9120 gold pieces.
You spent 1598 gold pieces at shops.
You paid 6111 gold pieces to Gozag.

Inventory:

Hand Weapons
 o - the +5 sling of Cuokhlu (offhand) {heavy, Str+4}
   (You found it on level 4 of the Dungeon)

   Str+4:     It affects your strength (+4).
 x - a +9 hand cannon of chaos (weapon) {Pancho}
 B - a +1 triple crossbow of freezing
 Y - the +10 sling of Duynlito {drain, rF+ rC++ rN+ Str-5}
   (You found it on level 3 of the Elven Halls)

   Str-5:     It affects your strength (-5).
   rF+:       It protects you from fire.
   rC++:      It greatly protects you from cold.
   rN+:       It protects you from negative energy.
Missiles
 y - 3 throwing nets
Armour
 a - the +1 cloak "Uwett" (worn) {Str+3 Dex+3 Stlth+}
   (You found it on level 3 of the Elven Halls)

   Str+3:     It affects your strength (+3).
   Dex+3:     It affects your dexterity (+3).
   Stlth+:    It makes you more stealthy.
 g - a +2 pair of boots (worn)
 s - a +2 cloak
 E - the +3 pair of gauntlets of War (worn) {Slay+5}
   (You bought it in a shop on level 1 of the Lair of Beasts)

   Slay+5:    It affects your accuracy & damage with ranged weapons and melee
   (+5).
 F - a +2 helmet of intelligence (worn)
 N - a scarf of repulsion
 Q - the +3 robe of Clouds (worn) {*Thunder rCloud rElec}
   (You found it on level 1 of the Swamp)

   *Thunder:  It occasionally creates storm clouds above nearby enemies.
   rCloud:    It grants its wearer immunity to clouds.
   rElec:     It insulates you from electricity.
Gizmo
 f - a pneumatic generator (installed) {Will+ Regen+ RegenMP+ Slay+3}
   (You invented it yourself on level 2 of the Lair of Beasts)

   [pneumatic generator]

   Slay+3:    It affects your accuracy & damage with ranged weapons and melee
   (+3).
   Will+:     It increases your willpower.
   Regen+:    It increases your rate of health regeneration.
   RegenMP+:  It increases your rate of magic regeneration.
Wands
 d - a wand of flame (58)
 e - a wand of digging (10)
 i - a wand of light (5)
 n - a wand of polymorph (35)
 H - a wand of iceblast (13)
 K - a wand of charming (10)
 M - a wand of mindburst (9)
Scrolls
 b - 2 scrolls of vulnerability
 h - a scroll of torment
 k - 11 scrolls of teleportation
 m - a scroll of enchant armour
 p - 8 scrolls of fog
 r - 3 scrolls of revelation
 t - 2 scrolls of poison
 v - 3 scrolls of amnesia
 w - 2 scrolls of silence
 A - 3 scrolls of noise
 I - 4 scrolls of blinking
 L - 2 scrolls of identify
 O - a scroll of fear
 T - 4 scrolls of enchant weapon
 U - 3 scrolls of immolation
 W - a scroll of brand weapon
Potions
 c - 5 potions of enlightenment
 j - 3 potions of resistance
 l - 3 potions of heal wounds
 q - 4 potions of ambrosia
 u - 6 potions of brilliance
 z - 2 potions of might
 C - 2 potions of degeneration
 D - a potion of magic
 G - 3 potions of attraction
 J - 2 potions of lignification
 P - a potion of berserk rage
 V - 2 potions of invisibility
 X - a potion of cancellation
 Z - a potion of curing


   Skills:
 + Level 18.3 Fighting
 - Level 20.0 Ranged Weapons
 - Level 12.0 Armour
 - Level 12.0 Dodging
 - Level 0.7 Stealth
 - Level 12.0 Evocations


You had 17 spell levels left.
You didn't know any spells.
Your spell library contained the following spells:

 Spells                   Type           Power      Damage    Failure   Level
 Apportation              Tloc           0%         N/A       34%         1
 Foxfire                  Conj/Fire      0%         2x1d4     34%         1
 Necrotise                Necr           0%         1d4       34%         1
 Slow                     Hex            0%         N/A       34%         1
 Sting                    Conj/Alch      0%         1d3       34%         1
 Summon Small Mammal      Summ           0%         N/A       34%         1
 Confusing Touch          Hex            0%         N/A       71%         3
 Maxwell's Portable Pile  Tloc           0%         2d(5-13)  71%         3
 Vampiric Draining        Necr           0%         2d6       71%         3
 Volatile Blastmotes      Fire/Tloc      0%         2d10      71%         3
 Cause Fear               Hex            0%         N/A       98%         4
 Fulminant Prism          Conj/Alch      0%         3d5       98%         4
 Iskenderun's Mystic Bla Conj/Tloc 0%             2d3        (+2d1     98%         4
 Martyr's Knell           Necr/Summ      0%         N/A       98%         4
 Vhi's Electric Charge    Tloc/Air       0%         N/A       98%         4
 Arcjolt                  Conj/Air       0%         1d10      100%        5
 Borgnjor's Vile Clutch   Necr/Erth      0%         N/A       100%        5
 Curse of Agony           Necr           0%         N/A       100%        5
 Fireball                 Conj/Fire      0%         3d3       100%        5
 Summon Forest            Summ/Tloc      0%         N/A       100%        5
 Death Channel            Necr           0%         N/A       100%        6
 Eringya's Noxious Bog    Alch           0%         4d6       100%        6
 Plasma Beam              Fire/Air       0%         2x1d10    100%        6
 Starburst                Conj/Fire      0%         6d3       100%        6
 Magnavolt                Erth/Air       0%         3d9       100%        7
 Summon Hydra             Summ           0%         N/A       100%        7
 Maxwell's Capacitive Co  Air            0%         ∞         100%        8
 Dragon's Call            Summ           0%         N/A       100%        9
 Animate Dead             Necr           Unusable   N/A       N/A         4

Dungeon Overview and Level Annotations

Branches:
Dungeon (11/15)            Temple (1/1) D:6            Lair (5/5) D:8
  Swamp (3/4) Lair:3       Spider (1/4) Lair:2        Slime (0/5) Lair:5
    Orc (2/2) D:10            Elf (3/3) Orc:2       Ossuary (visited)
 Bailey (visited)           IceCv (visited)         Volcano (visited)

Altars:
Ashenzari
Cheibriados
Dithmenos
Elyvilon
Fedhas
Gozag
Hepliaklqana
Kikubaaqudgha
Makhleb
Nemelex Xobeh
Okawaru
Qazlal
Ru
Sif Muna
Trog
Uskayaw
Vehumet
Wu Jian
Xom
Yredelemnul
Zin
The Shining One
Beogh
Jiyva

Shops:
D:2 (   D:6 (   D:8 :   Orc:2 !*:(   Elf:1 *:   Elf:2 *   Lair:1 [*
Lair:2 ???

Annotations:
D:11 3 runed translucent doors, Mymn's ghost, journeyman HuWn
Swamp:2 2 transporters, exclusion: obsidian statue
Swamp:3 2 transporters, nuthulu's ghost, adept MiFi
Spider:1 Jorgrun
Orc:1 2 transporters, Urug


Innate Abilities, Weirdness & Mutations

You can wield a second weapon in your off-hand.
It takes a long time for you to wield or remove held weapons.
Your first few attacks do less damage.
You cannot equip rings or amulets.
Armour fits poorly on your strangely shaped body.
Potions are less effective at restoring your health.


Message History

Press: ? - help, Q - select action, (/) - cycle Shift-Dir - straight line, f/p - deep elf archer
Aim: a deep elf archer, wielding a +0 longbow and wearing a +0 leather armour (almost dead, repelling missiles, unaware, hasn't noticed you, 54% to hit)
You shoot a slug. The deep elf archer shouts!
The slug hits the deep elf archer!
You kill the deep elf archer!
You shoot a sling bullet.
The deep elf master archer shoots an arrow.
The arrow hits you!!
* * * LOW HITPOINT WARNING * * *
Your life force feels restored.
Fire: x) +9 hand cannon (chaos) {Pancho}
Press: ? - help, Q - select action, (/) - cycle Shift-Dir - straight line, f - deep elf master archer
Aim: a deep elf master archer, wielding a +0 longbow and wearing a +0 leather armour (lightly wounded, 76% to hit)
You shoot a sling bullet.
The sling bullet completely misses the deep elf master archer.
You shoot a slug.
The slug hits the deep elf master archer!
You feel better.
The deep elf master archer is moderately wounded.
The deep elf master archer shoots an arrow.
The arrow closely misses you.
The deep elf master archer shoots an arrow.
The arrow hits you!
* * * LOW HITPOINT WARNING * * *
Fire: x) +9 hand cannon (chaos) {Pancho}
Press: ? - help, Q - select action, (/) - cycle Shift-Dir - straight line, f/p - deep elf master archer
Aim: a deep elf master archer, wielding a +0 longbow and wearing a +0 leather armour (moderately wounded, 76% to hit)
You shoot a slug.
The slug hits the deep elf master archer!
The slug burns the deep elf master archer.
The deep elf master archer is moderately wounded.
You shoot a sling bullet.
The sling bullet completely misses the deep elf master archer.
The deep elf master archer shoots an arrow.
The arrow barely misses you.
The deep elf master archer shoots an arrow.
The arrow hits you!!!
You die...
Your body crumbles into a pile of gold.

.##....# #..# ..#.##.#
##.# ..##..#....# #.#
####### #....##.##.#
#.# ......##
#..##[..[.# #.##
######.###'''$'###.#
##..##
#########.'$$$'...##
#....# #....#
#..'.$=$☼.## #....#
#..>.# ##.'')(.○@○#
##..##
#..(.###...'$$$'○##
##.###
........###'''e$##
##.##
......#.....##.$#
##.##
#....##[##.##....##..#
...........#..##..##.#
.[...##.##.#.. ##.##
#.##.......##. #...##
[##.###.##.# #....#


You could see a deep elf master archer.

Vanquished Creatures
  Nikola (Swamp:2)
  2 deep elf master archers (Elf:3)
  2 deep elf blademasters
  Asterion (Elf:3)
  Roxanne (Elf:3)
  A fenstrider witch (Swamp:3)
  The ghost of Keoguots the Thaumaturge, an adept GnSk of Makhleb (Swamp:2)
  Louise (Swamp:2)
  A frost giant (IceCv)
  6 deep elf elementalists (Elf:3)
  5 deep elf sorcerers (Elf:3)
  A ghost moth (Lair:2)
  7 deep elf death magi (Elf:3)
  4 deep elf demonologists
  4 eleionomae
  6 deep elf annihilators
  3 bunyips (Swamp:2)
  Azrael (Orc:2)
  Snorg (D:10)
  4 deep elf high priests (Elf:3)
  An entropy weaver (Spider:1)
  6 hydras
  A catoblepas (Lair:5)
  3 ghost crabs
  5 alligators
  3 boulder beetles
  A radroach (Spider:1)
  26 dancing weapons
  Erica (D:11)
  3 two-headed ogres
  2 death yaks (Lair:5)
  5 orc high priests (Orc:2)
  3 demonic crawlers
  18 deep elf knights
  Nergalle (D:11)
  7 spriggans
  Amaemon (D:10)
  2 skysharks (Lair:3)
  A fire crab (Lair:4)
  A skeletal warrior (D:9)
  22 deep elf archers
  2 spriggan druids (Swamp:2)
  A goliath frog (Swamp:1)
  31 deep elf pyromancers
  A death drake (Swamp:3)
  2 swamp dragons (Swamp:2)
  4 bog bodies
  A harpy (shapeshifter) (Elf:2)
  A steelbarb worm (Spider:1)
  8 thermic dynamos
  Pikel (D:5)
  2 obsidian bats
  8 orc knights
  24 deep elf zephyrmancers
  2 ugly things
  A wolf spider (Lair:5)
  4 will-o-the-wisps
  A cyclops (D:11)
  8 elephants (Lair:5)
  9 black mambas
  A guardian serpent (Lair:5)
  An ice statue (IceCv)
  4 torpor snails
  An orange demon (D:10)
  13 cane toads
  Maggie (D:7)
  A gargoyle (D:11)
  8 komodo dragons
  3 rime drakes
  4 tyrant leeches
  4 trolls
  2 bloated husks (Swamp:1)
  17 polar bears
  A raiju (shapeshifter) (Elf:2)
  10 hornets
  22 blink frogs
  4 tarantellas (Spider:1)
  A jumping spider (Spider:1)
  3 wraiths
  A shadow (D:11)
  2 air elementals (Elf:1)
  11 wyverns
  2 basilisks
  A water elemental (Elf:3)
  Sigmund (D:5)
  3 culicivoras (Spider:1)
  47 yaks
  Eustachio (D:5)
  12 fire elementals
  6 vampire mosquitoes
  A warg (Orc:1)
  A steam dragon (D:8)
  13 redbacks
  Edmund (D:5)
  14 swamp worms
  An acid dragon (D:11)
  28 water moccasins
  5 hell hounds
  A swamp drake (Swamp:3)
  A black bear (D:4)
  40 orc warriors
  2 sky beasts (D:7)
  3 ice beasts
  3 ogres
  3 centaurs
  21 wolves
  2 phantoms
  4 kobold brigands
  11 bullfrogs
  12 scorpions
  2 earth elementals
  2 gnoll sergeants
  7 wights
  5 killer bees
  4 howler monkeys (D:10)
  5 bullfrog zombies (Ossuary)
  2 hounds
  A jelly (D:6)
  2 gnoll boudas
  27 orc priests
  5 iguanas
  17 orc wizards
  A killer bee zombie (Ossuary)
  3 crocodile zombies (Ossuary)
  10 mummies
  4 hound zombies (Ossuary)
  5 howler monkey zombies (Ossuary)
  20 gnolls
  6 adders
  2 shadow imps
  12 white imps (Lair:5)
  8 ufetubi
  3 dart slugs
  A ribbon worm (Lair:2)
  120 orcs
  9 ball pythons
  8 bats
  6 endoplasms
  7 giant cockroaches
  6 goblins
  8 hobgoblins
  23 kobolds
  2 quokkas
  2 training dummies (D:6)
  2 ball python zombies (Ossuary)
  2 frilled lizards (D:1)
  2 hobgoblin zombies (D:4)
  3 rats
986 creatures vanquished.

Vanquished Creatures (others)
  4 foxfires
4 creatures vanquished.

Grand Total: 990 creatures vanquished

Notes
Turn   | Place    | Note
-------+----------+-------------------------------------------
     0 | D:1      | Takeo the Coglin Hunter began the quest for the Orb.
     0 | D:1      | Reached XP level 1. HP: 16/16 MP: 1/1
   170 | D:1      | Reached skill level 4 in Ranged Weapons
   170 | D:1      | Reached XP level 2. HP: 21/22 MP: 2/2
   486 | D:1      | You fall into a shaft and drop 1 floor!
   536 | D:2      | Reached XP level 3. HP: 27/27 MP: 3/3
   606 | D:2      | Found a bloodstained altar of Trog.
   833 | D:2      | Reached skill level 5 in Ranged Weapons
   833 | D:2      | Reached XP level 4. HP: 33/33 MP: 4/4
   883 | D:2      | Found Husyuff's Antique Weapon Shop.
   888 | D:2      | Bought a glowing sling for 112 gold pieces
  1050 | D:3      | Found the +8 trident of the Octopus King {venom, rElec
                  | rPois}
  1574 | D:3      | Gained mutation: You are frail. (-10% HP) [potion of
                  | mutation]
  1576 | D:3      | Lost mutation: You are frail. (-10% HP) [potion of
                  | mutation]
  1576 | D:3      | Gained mutation: Your mind is acute. (Int +4, Str/Dex -1)
                  | [potion of mutation]
  1576 | D:3      | Gained mutation: You occasionally lose the ability to read
                  | scrolls when taking damage. [potion of mutation]
  1576 | D:3      | Gained mutation: You are weak. (Str -2) [potion of
                  | mutation]
  1855 | D:3      | Reached XP level 5. HP: 38/38 MP: 5/5
  1881 | D:3      | Found a faded altar of an unknown god.
  1884 | D:3      | Got Plato's Handbook of Necromancy
  1951 | D:4      | Noticed a phantom
  1956 | D:4      | Reached skill level 6 in Ranged Weapons
  2067 | D:4      | Killed a phantom
  2068 | D:4      | Reached XP level 6. HP: 25/44 MP: 6/6
  2115 | D:4      | Identified the +1 dagger of the Aged Servitors {heavy,
                  | ^Drain rPois rF- MP+9}
  2119 | D:4      | Identified the +5 sling of Cuokhlu {heavy, Str+4}
  2141 | D:4      | Found a sand-covered staircase.
  2144 | D:4      | Noticed a black bear
  2154 | D:4      | Killed a black bear
  2155 | D:4      | Reached skill level 7 in Ranged Weapons
  2170 | Ossuary  | Entered an ossuary
  2276 | Ossuary  | Reached XP level 7. HP: 50/50 MP: 7/7
  2401 | Ossuary  | Reached skill level 8 in Ranged Weapons
  2680 | Ossuary  | Reached XP level 8. HP: 52/56 MP: 8/8
  2714 | Ossuary  | Reached skill level 9 in Ranged Weapons
  3286 | D:5      | Entered Level 5 of the Dungeon
  3327 | D:5      | Noticed Pikel
  3339 | D:5      | Killed Pikel
  3340 | D:5      | Reached skill level 10 in Ranged Weapons
  3354 | D:5      | Noticed Edmund
  3852 | D:5      | Noticed Eustachio
  3857 | D:5      | Killed Eustachio
  3858 | D:5      | Reached XP level 9. HP: 61/61 MP: 9/9
  3878 | D:5      | Reached skill level 11 in Ranged Weapons
  3912 | D:5      | Killed Edmund
  3983 | D:5      | Identified the +6 dagger "Orb Guardian's Bane" {freeze,
                  | Dex+5}
  4024 | D:5      | Noticed Sigmund
  4079 | D:5      | Killed Sigmund
  4396 | D:6      | Found Jiujoent's Firing Range.
  4407 | D:6      | Bought a +1 hand cannon of freezing for 133 gold pieces
  4464 | D:6      | Found a staircase to the Ecumenical Temple.
  4543 | D:6      | Reached skill level 12 in Ranged Weapons
  4550 | D:6      | Found a glowing silver altar of Zin.
  4674 | Temple   | Entered the Ecumenical Temple
  5347 | D:7      | Reached skill level 13 in Ranged Weapons
  5347 | D:7      | Reached XP level 10. HP: 27/67 MP: 10/10
  5370 | D:7      | Found a flagged portal.
  5384 | Bailey   | Entered a bailey
  6039 | Bailey   | Noticed an orc knight
  6050 | Bailey   | Killed an orc knight
  6051 | Bailey   | Reached skill level 14 in Ranged Weapons
  6253 | D:7      | Noticed Maggie
  6258 | D:7      | Killed Maggie
  6517 | D:7      | Found a sacrificial altar of Ru.
  6750 | D:8      | Reached skill level 5 in Fighting
  7031 | D:9      | Noticed a skeletal warrior
  7211 | D:8      | Reached XP level 11. HP: 68/84 MP: 11/11
  7263 | D:8      | Found a staircase to the Lair.
  7493 | Temple   | Became a worshipper of Gozag Ym Sagoz the Greedy
  7552 | D:8      | Noticed a two-headed ogre
  7552 | D:8      | Found a glowing golden altar of the Shining One.
  7556 | D:8      | Killed a two-headed ogre
  7579 | D:8      | Found Kuxom's Book Boutique.
  7703 | D:8      | Noticed a two-headed ogre
  7736 | D:8      | Killed a two-headed ogre
  8076 | D:9      | Killed a skeletal warrior
  8239 | D:9      | Found the +5 scythe "Finisher" {speed, execute}
  8267 | D:9      | Reached skill level 10 in Fighting
  8270 | D:9      | Reached skill level 1 in Armour
  8343 | D:9      | Found a broken altar of Ashenzari.
  8402 | D:9      | Found a roughly hewn altar of Beogh.
  8539 | D:9      | Found an ancient bone altar of Kikubaaqudgha.
  8901 | D:10     | Entered Level 10 of the Dungeon
  8918 | D:10     | Found an iron altar of Okawaru.
  9107 | D:10     | Noticed Amaemon
  9119 | D:10     | Killed Amaemon
  9582 | D:10     | Found a staircase to the Orcish Mines.
  9867 | D:10     | Reached skill level 5 in Armour
 10165 | D:11     | Noticed Snorg
 10261 | D:10     | Killed Snorg
 10262 | D:10     | Reached skill level 5 in Dodging
 10262 | D:10     | Reached skill level 1 in Evocations
 10452 | D:11     | Reached XP level 12. HP: 80/97 MP: 12/12
 10795 | D:11     | Found a runed translucent gate.
 10795 | D:11     | Found a runed translucent gate.
 10795 | D:11     | Found a runed translucent gate.
 10797 | D:11     | Noticed Mymn's ghost (journeyman HuWn)
 10804 | D:11     | Reached skill level 5 in Evocations
 10813 | D:11     | Noticed Nergalle
 10841 | D:11     | Noticed Erica
 10844 | D:11     | Killed Erica
 11008 | D:11     | Killed Nergalle
 11077 | D:11     | Noticed a two-headed ogre
 11084 | D:11     | Killed a two-headed ogre
 11289 | Orc:1    | Entered Level 1 of the Orcish Mines
 11289 | Orc:1    | Found a transporter.
 11631 | Orc:1    | Noticed Urug
 11634 | Orc:1    | Noticed a two-headed ogre
 11636 | Orc:1    | Found a roughly hewn altar of Beogh.
 11636 | Orc:1    | Found a transporter.
 11636 | Orc:1    | Noticed a stone giant
 11637 | Orc:1    | Noticed a stone giant
 11674 | Orc:2    | Entered Level 2 of the Orcish Mines
 12070 | Orc:2    | Noticed Azrael
 12078 | Orc:2    | Killed Azrael
 12473 | Orc:2    | Noticed an orc high priest
 12578 | Orc:2    | Killed an orc high priest
 12747 | Orc:2    | Reached XP level 13. HP: 112/112 MP: 13/13
 12909 | Orc:2    | Found a staircase to the Elven Halls.
 13257 | Orc:2    | Found Punyaluh's Antique Weapon Shop.
 13260 | Orc:2    | Found Tuntusegent's Assorted Antiques.
 13261 | Orc:2    | Found Geopop's Distillery.
 13262 | Orc:2    | Found Saungim's Book Boutique.
 13445 | Lair:1   | Entered Level 1 of the Lair of Beasts
 13509 | Lair:1   | Found a dark tunnel.
 13514 | Volcano  | Entered a volcano
 14668 | Lair:1   | Bought the +3 pair of gauntlets of War {Slay+5} for 665
                  | gold pieces
 14668 | Lair:1   | Found the +3 pair of gauntlets of War {Slay+5}
 14668 | Lair:1   | Bought a +2 helmet of intelligence for 301 gold pieces
 14959 | Lair:2   | Reached XP level 14. HP: 120/120 MP: 14/14
 14960 | Lair:2   | Acquired a pneumatic generator {Will+ Regen+ RegenMP+
                  | Slay+3}
 15464 | Lair:2   | Reached skill level 15 in Ranged Weapons
 15464 | Lair:2   | Found a hole to the Spider Nest.
 16100 | Lair:3   | Found a staircase to the Swamp.
 16100 | Lair:3   | Noticed an eleionoma
 16107 | Lair:3   | Killed an eleionoma
 16757 | Lair:4   | Reached skill level 16 in Ranged Weapons
 17461 | Lair:5   | Entered Level 5 of the Lair of Beasts
 17471 | Lair:5   | Found a frozen archway.
 17514 | IceCv    | Entered an ice cave
 17760 | IceCv    | Noticed a frost giant
 17781 | IceCv    | Killed a frost giant
 17790 | IceCv    | Reached skill level 17 in Ranged Weapons
 18255 | Lair:5   | Reached XP level 15. HP: 126/126 MP: 15/15
 18492 | Lair:5   | Reached skill level 18 in Ranged Weapons
 18614 | Lair:5   | Found a viscous altar of Jiyva.
 18614 | Lair:5   | Found a staircase to the Slime Pits.
 19161 | Swamp:1  | Entered Level 1 of the Swamp
 19196 | Swamp:1  | Identified the +1 buckler of Nemelex Xobeh's Grace {-Cast
                  | +Inv rElec rPois}
 19380 | Swamp:1  | Found the +3 robe of Clouds {*Thunder rCloud rElec}
 19536 | Swamp:1  | Reached skill level 10 in Armour
 19536 | Swamp:1  | Reached skill level 10 in Evocations
 19820 | Swamp:2  | Reached skill level 10 in Dodging
 19845 | Swamp:2  | Noticed Louise
 19857 | Swamp:2  | Killed Louise
 19875 | Swamp:2  | Found a transporter.
 19879 | Swamp:2  | Noticed a ghoul
 19882 | Swamp:2  | Noticed a thorn hunter
 19883 | Swamp:2  | Noticed a ghoul
 19892 | Swamp:2  | Reached XP level 16. HP: 134/134 MP: 16/16
 19897 | Swamp:2  | Noticed Nikola
 19906 | Swamp:2  | Killed Nikola
 19980 | Swamp:2  | Found a transporter.
 19993 | Swamp:2  | Reached skill level 15 in Fighting
 20244 | Swamp:2  | Found a runed translucent door.
 20252 | Swamp:2  | Noticed Keoguots's ghost (adept GnSk)
 20261 | Swamp:2  | Killed Keoguots's ghost
 20405 | Swamp:3  | Found a transporter.
 20539 | Swamp:3  | Noticed a fenstrider witch
 20542 | Swamp:3  | Killed a fenstrider witch
 20686 | Swamp:3  | Found a transporter.
 20811 | Swamp:3  | Noticed nuthulu's ghost (adept MiFi)
 21077 | Spider:1 | Entered Level 1 of the Spider Nest
 21248 | Spider:1 | Noticed Jorgrun
 21338 | Lair:2   | Lost mutation: Your mind is acute. (Int +4, Str/Dex -1)
                  | [potion of mutation]
 21338 | Lair:2   | Lost mutation: You are weak. (Str -2) [potion of mutation]
 21338 | Lair:2   | Lost mutation: You occasionally lose the ability to read
                  | scrolls when taking damage. [potion of mutation]
 21338 | Lair:2   | Gained mutation: You have hidden genetic defects. [potion
                  | of mutation]
 21434 | Lair:2   | Bought a scroll of blinking for 120 gold pieces
 21434 | Lair:2   | Bought a scroll of blinking for 120 gold pieces
 21438 | Lair:2   | Bought a scroll of teleportation for 42 gold pieces
 21438 | Lair:2   | Bought a scroll of enchant armour for 105 gold pieces
 21584 | Elf:1    | Entered Level 1 of the Elven Halls
 21599 | Orc:2    | HP: 6/141 [burnt (10)]
 22106 | Elf:1    | Gained mutation: Potions are less effective at restoring
                  | your health. [hidden defects]
 22108 | Elf:1    | Found Fikeawom's Book Shoppe.
 22219 | Elf:1    | Found a huge runed translucent gate.
 22219 | Elf:1    | Found a huge runed translucent gate.
 22229 | Elf:1    | Found a huge runed translucent gate.
 22229 | Elf:1    | Found a huge runed translucent gate.
 22229 | Elf:1    | Found a huge runed translucent gate.
 22229 | Elf:1    | Found a huge runed translucent gate.
 22266 | Elf:1    | Reached XP level 17. HP: 130/149 MP: 17/17
 22352 | Elf:1    | Found a huge runed translucent gate.
 22352 | Elf:1    | Found a huge runed translucent gate.
 22357 | Elf:1    | Found a huge runed translucent gate.
 22357 | Elf:1    | Found a huge runed translucent gate.
 22358 | Elf:1    | Found a huge runed translucent gate.
 22358 | Elf:1    | Found a huge runed translucent gate.
 22360 | Elf:1    | Found a huge runed translucent gate.
 22360 | Elf:1    | Found a huge runed translucent gate.
 22360 | Elf:1    | Found a huge runed translucent gate.
 22360 | Elf:1    | Found a huge runed translucent gate.
 22360 | Elf:1    | Found a huge runed translucent gate.
 22360 | Elf:1    | Found a huge runed translucent gate.
 22360 | Elf:1    | Found a huge runed translucent gate.
 22360 | Elf:1    | Found a huge runed translucent gate.
 22360 | Elf:1    | Noticed a deep elf master archer
 22429 | Elf:1    | You fall into a shaft and drop 1 floor!
 22550 | Elf:2    | Gained mutation: Armour fits poorly on your strangely
                  | shaped body. [hidden defects]
 22550 | Elf:2    | Lost mutation: You have hidden genetic defects. [hidden
                  | defects expressed]
 22826 | Elf:2    | Identified the blade talisman "Gyufohuv" {rF- Str+6 Slay+6}
 22898 | Elf:2    | Noticed a deep elf blademaster
 22904 | Elf:2    | Killed a deep elf blademaster
 22948 | Elf:2    | Found a runed translucent gate.
 22949 | Elf:2    | Found a runed translucent gate.
 22950 | Elf:2    | Found a runed translucent gate.
 23563 | Elf:2    | Found Gahoskec's Assorted Antiques.
 23817 | Elf:3    | Entered Level 3 of the Elven Halls
 24014 | Elf:3    | Noticed Asterion
 24019 | Elf:3    | Killed Asterion
 24110 | Elf:3    | Noticed Roxanne
 24119 | Elf:3    | Killed Roxanne
 24341 | Elf:3    | Reached XP level 18. HP: 155/156 MP: 18/18
 24512 | Elf:3    | Reached skill level 19 in Ranged Weapons
 24999 | Elf:3    | Noticed a deep elf master archer
 25002 | Elf:3    | Killed a deep elf master archer
 25020 | Elf:3    | Noticed a deep elf master archer
 25025 | Elf:3    | Killed a deep elf master archer
 25026 | Elf:3    | Noticed a deep elf blademaster
 25029 | Elf:3    | Killed a deep elf blademaster
 25077 | Elf:3    | Identified the +9 glaive of the Distant Future {protect,
                  | rPois rF+++ Str+2 Stlth-}
 25135 | Elf:3    | Reached skill level 20 in Ranged Weapons
 25278 | Elf:3    | Identified the +7 dagger "Famuz" {heavy, *Corrode rC+ rN+
                  | Will+++}
 25279 | Elf:3    | Identified the +10 sling of Duynlito {drain, rF+ rC++ rN+
                  | Str-5}
 25283 | Elf:3    | Identified the +3 short sword of Corruption {flame, Will-
                  | Str+3 Stlth+}
 25299 | Elf:3    | Identified the +6 long sword of Floods {freeze, rC- rCorr
                  | Int+5}
 25300 | Elf:3    | Identified the +1 scale mail of the Spider Nest {Dex+3}
 25305 | Elf:3    | Identified the +1 cloak "Uwett" {Str+3 Dex+3 Stlth+}
 25328 | Elf:3    | Identified the +6 scale mail "Mimnaoj" {rPois}
 25913 | Elf:1    | Shot with an arrow by a deep elf master archer

Illustrated notes

Levels and vault maps discovered:
D:1:      shiori_arrival_maze, layout_loops_cross, kennysheep_small_spiral
D:2:      layout_rooms, basic_altar, serial_shops, shop,
          minmay_misc_feat_rugged, st_stairs_2
D:3:      layout_basic, shapermc_ecumenical_altar_rom_forum,
          kennysheep_flooded_box, grunt_ministairs_12
D:4:      layout_basic, nicolae_ossuary_entry_giza, kennysheep_nub,
          minmay_bisected
D:5:      layout_gridville, grunt_decor_one_mirror, st_stairs_13, hex_medium,
          amcnicky_mini_corridor_feature, uniq_pikel, uniq_eustachio,
          uniq_sigmund, uniq_edmund
D:6:      layout_basic, mainiacjoe_overflow_cross_hatched,
          minmay_temple_entry_gardened_gates, corexii_hall_statues_i,
          nicolae_shop_firing_range
D:7:      layout_rooms, hangedman_ru_absence, enter_bailey_4, serial_curves,
          eino_curves_04, eino_curves_02, eino_curves_01, billiards_dpeg,
          uniq_maggie
D:8:      layout_rooms, mainiacjoe_overflow_boulevard,
          due_lair_maze_entry_diamond, serial_shops, shop,
          palyth_stone_intersect
D:9:      layout_basic, evilmike_ruin_ashenzari, kennysheep_mini, serial_glass,
          glass_columns_c, glass_columns_a, special_room [special_room_orc],
          minmay_guarded_unrand_finisher
D:10:     layout_long_grid, lemuel_round_altar, orc_0_dummy,
          nicolae_benzene_ring, kennysheep_generic_room_14, uniq_amaemon
D:11:     layout_big_octagon, gammafunk_ghost_nasty_kobolds, uniq_nergalle,
          uniq_erica, uniq_snorg
Temple:   nicolae_temple_slightly_damp_pantheon
Lair:1:   layout_roguey, enter_volcano_2
Lair:2:   layout_chaotic_city, nicolae_spider_entry_non_spiders,
          grunt_megastairs_4
Lair:3:   layout_cave_pods, alex1729_swamp_entry_worm_eleionoma,
          grunt_forest_large_clearings
Lair:4:   layout_concentric_octagons, lemuel_fruit_tree, grunt_megastairs_2
Lair:5:   hangedman_lair_tendril_chambers, layout_loops_ring, slime_entry_1,
          portal_ice_cave_entry_imps
Swamp:1:  layout_falls_marsh, nicolae_swamp_oxbows, infiniplex_staircase_pool_2
Swamp:2:  gammafunk_sealed_arena, layout_falls_marsh,
          ebering_ghost_reflecting_pool, evilmike_swamp_ruin_rubble_2,
          swamp_pool_1_2, uniq_nikola, uniq_louise
Swamp:3:  layout_basic_swamp, gammafunk_ghost_berserking_beasts,
          hangedman_swamp_ruin_wall, swamp_pool_1_2, statue_in_the_mist_lemuel,
          lightli_tree_ring
Spider:1: nicolae_spider_hall_of_the_moth_king, uniq_jorgrun
Orc:1:    gammafunk_beogh_shrine, layout_caves, uniq_urug
Orc:2:    st_orc_pillars, layout_diamond_mine, uniq_azrael
Elf:1:    nicolae_elf_arrival_fired_up, layout_rooms, serial_shops, shop,
          hangedman_elf_represent
Elf:2:    nicolae_elf_blades_splatter_lattice
          [nicolae_blade_entry_diamond_columns], layout_gridlike, serial_shops,
          nicolae_shop_back_alley_shop
Elf:3:    minmay_elf_hall_curves, layout_loops_corners, st_stairs_6,
          uniq_roxanne, uniq_asterion

Skill      XL: |  1  2  3  4  5  6  7  8  9 10 11 12 13 14 15 16 17 18 |
---------------+-------------------------------------------------------+-----
Ranged Weapons | 4 5 6 7 8 10 13 14 17 18 20 | 20.0
Fighting       | 7 10 13 14 18 | 18.3
Armour         | 5 8 10 12 | 12.0
Dodging        | 5 8 10 12 | 12.0
Evocations     | 2 5 8 10 12 | 12.0
Stealth        | |  0.7

Action                     |  1- 3 |  4- 6 |  7- 9 | 10-12 | 13-15 | 16-18 || total
---------------------------+-------+-------+-------+-------+-------+-------++-------
   Fire: Sling             |   150 |   242 |   487 |   480 |   633 |   528 ||  2520
         Hand cannon       |       |       |    71 |   480 |   633 |   528 ||  1712
 Invoke: Call Merchant     |       |       |       |       |     2 |     4 ||     6
Ability: Invent Gizmo      |       |       |       |       |     1 |       ||     1
  Evoke: Wand              |       |       |       |     1 |     9 |       ||    10
    Use: Scroll            |     1 |     5 |    14 |    24 |    12 |     4 ||    60
         Potion            |       |     3 |     7 |     3 |       |     7 ||    20
 Armour: Leather armour    |    14 |    59 |    92 |   105 |    23 |       ||   293
         Skin              |       |       |     3 |       |       |       ||     3
         Robe              |       |       |       |    39 |    85 |   202 ||   326
  Dodge: Dodged            |     6 |    26 |    99 |    99 |   125 |   167 ||   522

Table legend: (Time is in decaauts)
 A = Elapsed time spent in this place.
 B = Non-inter-level travel time spent in this place.
 C = Inter-level travel time spent in this place.
 D = Time resting spent in this place.
 E = Time spent auto-exploring this place.
 F = Levels seen in this place.
 G = Mean time per level.
                   A        B        C        D        E       F      G
               +--------+--------+--------+--------+--------+-----+--------+
         Total |  26384 |  24587 |   1797 |   3058 |  17030 |  30 |  879.5 |
       Dungeon |   9812 |   8965 |    847 |    931 |   6356 |  11 |  892.0 |
        Temple |    271 |      1 |    270 |      0 |      0 |   1 |  271.0 |
          Lair |   4955 |   4640 |    315 |    132 |   3777 |   5 |  991.0 |
         Swamp |   2046 |   1895 |    151 |      0 |   1593 |   3 |  682.0 |
   Spider Nest |    137 |    137 |      0 |     17 |     45 |   1 |  137.0 |
  Orcish Mines |   2542 |   2399 |    143 |    946 |   1109 |   2 | 1271.0 |
   Elven Halls |   3942 |   3873 |     69 |    648 |   2571 |   3 | 1314.0 |
       Ossuary |    692 |    692 |      0 |     42 |    476 |   1 |  692.0 |
        Bailey |    840 |    840 |      0 |    340 |    308 |   1 |  840.0 |
      Ice Cave |    613 |    613 |      0 |      0 |    378 |   1 |  613.0 |
       Volcano |    530 |    530 |      0 |      0 |    415 |   1 |  530.0 |
               +--------+--------+--------+--------+--------+-----+--------+

Top non-repeatable levels by time:
    D:10: 1647 daAuts
   Elf:3: 1589 daAuts
   Orc:2: 1495 daAuts
   Elf:2: 1398 daAuts
     D:9: 1321 daAuts
  Lair:2: 1067 daAuts
   Orc:1: 1046 daAuts
     D:7: 1031 daAuts
  Lair:5: 1025 daAuts
  Lair:3: 1013 daAuts
     D:3: 1007 daAuts
     D:4: 1001 daAuts
  Lair:1: 994 daAuts
   Elf:1: 953 daAuts
  Lair:4: 855 daAuts
